 Dungeon Crawl Stone Soup version 0.21.1-1-g345015fe64 (webtiles) character file.

10316 Gargoyl the Envoy of Void (level 11, 0/80 HPs)
             Began as a Centaur Abyssal Knight on June 13, 2018.
             Was a High Priest of Lugonu.
             Killed from afar by an orc wizard (5 damage)
             ... with a puff of flame
             ... on level 10 of the Dungeon.
             The game lasted 00:23:18 (12423 turns).

Gargoyl the Envoy of Void (Centaur Abyssal Knight) Turns: 12423, Time: 00:23:19

Health: 0/80       AC:  9    Str: 20    XL:     11   Next: 34%
Magic:  25/26      EV:  7    Int:  8    God:    Lugonu [*****.]
Gold:   504        SH:  9    Dex: 12    Spells: 10/10 levels left

rFire    + . .     SeeInvis .   g - +2 hand axe (flame)
rCold    . . .     Gourm    .   u - +0 shield
rNeg     + . .     Faith    .   z - +5 scale mail "Wacod" {rC- MP+9 Str+3 Stlth+}
rPois    .         Spirit   .   k - +0 helmet
rElec    .         Reflect  .   (no cloak)
rCorr    .         Harm     .   d - +2 pair of gloves
MR       .....                  (no barding)
Stlth    ..........             y - amulet of Desertification {+Rage +Inv rC+ Str+2 Int-3}
HPRegen  0.23/turn              C - +3 ring of protection
MPRegen  0.20/turn              h - ring of positive energy

@: lethally poisoned (0 -> -4), corroded, very quick
A: large, fangs 1, hooves 3, deformed body, fire resistance 1, speed 2, frail 1,
tough skin 3
a: Depart the Abyss, Bend Space, Banish, Corrupt, Enter the Abyss, Renounce
Religion, Evoke Berserk Rage, Evoke Invisibility


You were on level 10 of the Dungeon.
You worshipped Lugonu.
Lugonu was extremely pleased with you.
You were not hungry.

You visited 1 branch of the dungeon, and saw 10 of its levels.
You visited the Abyss 1 time.
You also visited: Ossuary and Bailey.

You collected 504 gold pieces.

Inventory:

Hand Weapons
 a - a +2 hand axe
 g - a +2 hand axe of flaming (weapon)
 v - a +5 whip of electrocution
Armour
 d - a +2 pair of gloves (worn)
 k - a +0 helmet (worn)
 u - a +0 shield (worn)
 z - the +5 scale mail "Wacod" (worn) {rC- MP+9 Str+3 Stlth+}
   (You found it on level 8 of the Dungeon)

   It affects your strength (+3).
   It makes you vulnerable to cold.
   It affects your magic capacity (+9).
   It makes you more stealthy.
Jewellery
 h - a ring of positive energy (right hand)
 w - an uncursed ring of resist corrosion
 y - the amulet of Desertification (around neck) {+Rage +Inv rC+ Str+2 Int-3}
   (You found it on level 6 of the Dungeon)

   [amulet of rage]

   It affects your strength (+2).
   It affects your intelligence (-3).
   It protects you from cold.
   It lets you turn invisible.
   It lets you go berserk.
 C - a +3 ring of protection (left hand)
Wands
 q - a wand of random effects (69)
 x - a wand of paralysis (8)
 A - a wand of polymorph (12)
Scrolls
 f - 4 scrolls of identify
 i - 4 scrolls of remove curse
 l - a scroll of blinking
 m - 3 scrolls of fear
 p - 5 scrolls of teleportation
 t - 2 scrolls of noise
 H - 4 scrolls of amnesia
Potions
 b - 5 potions of curing
 j - 3 potions of magic
 n - 3 potions of haste {unknown}
 o - a potion of agility {unknown}
 r - a potion of heal wounds
 s - 3 potions of invisibility {unknown}
 B - 2 potions of brilliance {unknown}
 D - a potion of resistance {unknown}
 E - a potion of cancellation {unknown}
Books
 G - a book of Maledictions

   Spells                             Type                      Level
   a - Corona                         Hexes                        1
   b - Ensorcelled Hibernation        Hexes/Ice                    2
   c - Confuse                        Hexes                        3
   d - Tukima's Dance                 Hexes                        3
   e - Dazzling Spray                 Conjuration/Hexes            3
Comestibles
 c - 17 rations
 I - 3 chunks of flesh


   Skills:
 + Level 6.2 Fighting
 + Level 5.4(6.8) Axes
 + Level 6.2(7.2) Maces & Flails
 * Level 8.4 Armour
 + Level 2.7 Dodging
 + Level 3.5 Shields
 * Level 8.9 Invocations


You had 10 spell levels left.
You didn't know any spells.

Dungeon Overview and Level Annotations

Branches:
Dungeon (10/15)            Temple (0/1) D:7             Orc (0/2) D:9
   Lair: D:8-11

Altars:
Dithmenos
Fedhas
Kikubaaqudgha

Shops:
D:4 %   D:7 %

Annotations:
D:8 2 runed doors


Innate Abilities, Weirdness & Mutations

You have hooves in place of feet.
Armour fits poorly on your strangely shaped body.
You cover ground very quickly.
You have extremely tough skin. (AC +3)
You have very sharp teeth.
Your flesh is heat resistant. (rF+)
You are frail. (-10% HP)


Message History

You bite the gnoll, but do no damage. You hit the jelly. You burn the jelly.
Your hands burn!
You feel sick. The jelly hits you but does no damage.
The gnoll hits you with a flail!
* * * LOW HITPOINT WARNING * * *
Unknown command.
You hit the gnoll but do no damage. Your kick misses the gnoll.
You hit the jelly but do no damage. The acid corrodes you!
Your hands burn!
* * * LOW HITPOINT WARNING * * *
You feel sick. You block the jelly's attack.
Unknown command.
Space bends around you!
You blink.
You feel sick.
You feel sick.
The jelly jiggles.
An orc wizard comes into view. It is wielding a dagger.
You feel sick.
The orc wizard jeers noisily, as Orcs often do.
You feel sick.
The orc wizard gestures at you while chanting.
The puff of flame hits you! You resist.
You die...

...........# .
..........# . #.......#
.. #.......######.. ..
#............... ...
#............... ....
#...............
....######.....#####)###+
........@.g.J††#.........
...............######[...
#...................#"...
#...................#....
##..................#....
#......#####.......#....
#......# ###o....#....
#......# #....?#####
#......# #..........


You could see a jelly, an orc wizard and a gnoll.

Vanquished Creatures
  A hydra (D:8)
  2 two-headed ogres
  The ghost of dracomuter the Basher, a novice TrCK of Xom (D:8)
  Pikel (D:5)
  A centaur zombie (D:10)
  3 centaur skeletons
  Joseph (D:7)
  2 dream sheep (D:8)
  2 hippogriffs
  The ghost of BuaFULL the Skirmisher, an amateur MiCK of Xom (D:6)
  2 wraiths (Ossuary)
  2 yaks (D:8)
  A hungry ghost (D:8)
  Menkaure (D:7)
  A warg (D:9)
  Duvessa (D:7)
  6 orc warriors
  2 sky beasts
  An ice beast (D:7)
  2 phantoms (D:8)
  An ogre (D:8)
  A centaur (D:9)
  4 big kobolds (D:8)
  4 bullfrogs
  Dowan (D:7)
  A scorpion (D:4)
  7 wights
  4 killer bees
  3 howler monkeys (D:8)
  2 crimson imps (D:6)
  A jelly (D:8)
  2 hounds
  6 orc priests
  17 orc wizards
  2 bullfrog skeletons
  A gnoll shaman (D:6)
  Jessica (D:2)
  6 iguanas
  2 worker ants
  Terence (D:2)
  A hound skeleton (D:6)
  A mummy (D:6)
  A worker ant zombie (D:5)
  Robin (D:4)
  3 gnolls (D:6)
  10 adders
  A shadow imp (D:6)
  2 oozes
  An adder zombie (D:7)
  2 adder skeletons
  A worm (D:2)
  3 dart slugs
  3 leopard geckos
  53 orcs
  9 bats
  5 giant cockroaches
  16 goblins
  10 hobgoblins
  7 jackals
  4 quokkas
  3 ball pythons
  A ball python skeleton (Ossuary)
  4 frilled lizards (D:3)
  A hobgoblin skeleton (Ossuary)
  A hobgoblin zombie (Ossuary)
  A jackal zombie (D:7)
  16 kobolds
  A kobold zombie (Ossuary)
  3 orc skeletons (Ossuary)
  An orc zombie (Ossuary)
  A quokka skeleton (D:4)
  4 rats
272 creatures vanquished.

Vanquished Creatures (others)
  A two-headed ogre (D:8)
  An orc warrior (D:9)
  An orc wizard (D:5)
  3 orcs (D:5)
  A hobgoblin (D:5)
7 creatures vanquished.

Grand Total: 279 creatures vanquished

Notes
Turn   | Place    | Note
-------+----------+-------------------------------------------
     0 | Abyss:1  | Gargoyl the Centaur Abyssal Knight began the quest for the Orb.
     0 | Abyss:1  | Reached XP level 1. HP: 19/19 MP: 2/2
   107 | Abyss:2  | Noticed a small abomination
   111 | Abyss:2  | Noticed a ynoxinul
   179 | Abyss:3  | Noticed an iron imp
   184 | Abyss:3  | Noticed a spatial maelstrom
   188 | Abyss:3  | Noticed a spatial vortex
   189 | Abyss:3  | Noticed a spatial vortex
   192 | Abyss:3  | Noticed a spatial vortex
   200 | Abyss:3  | Noticed a spatial vortex
   207 | Abyss:3  | Noticed a sixfirhy
   208 | Abyss:3  | Noticed a spatial vortex
   208 | Abyss:3  | Noticed an ancient zyme
   209 | D:1      | Escaped the Abyss
   501 | D:1      | Reached XP level 2. HP: 26/26 MP: 3/3
   502 | D:1      | Reached * piety under Lugonu
   761 | D:2      | Noticed Terence
   767 | D:2      | Reached XP level 3. HP: 27/31 MP: 4/4
   782 | D:2      | Killed Terence
  1006 | D:2      | Reached XP level 4. HP: 40/40 MP: 6/6
  1103 | D:2      | Noticed Jessica
  1115 | D:2      | Killed Jessica
  1426 | D:3      | Reached ** piety under Lugonu
  1581 | D:3      | Reached XP level 5. HP: 46/46 MP: 7/7
  1626 | D:3      | Reached skill level 1 in Dodging
  1769 | D:3      | Found a blossoming altar of Fedhas.
  2409 | D:4      | Found Tiyrch's Food Shop.
  2452 | D:4      | Noticed Robin
  2466 | D:4      | Killed Robin
  2717 | D:4      | Reached XP level 6. HP: 52/52 MP: 8/8
  3434 | D:5      | Entered Level 5 of the Dungeon
  3665 | D:5      | Reached *** piety under Lugonu
  3888 | D:5      | Noticed Pikel
  3888 | D:5      | Noticed a slave
  3889 | D:5      | Noticed a slave
  3889 | D:5      | Noticed a slave
  3889 | D:5      | Noticed a slave
  3905 | D:5      | Paralysed by Pikel for 5 turns
  3914 | D:5      | Killed Pikel
  3914 | D:5      | Reached skill level 1 in Maces & Flails
  3914 | D:5      | Reached XP level 7. HP: 35/60 MP: 8/10
  4314 | D:5      | Got a brightly glowing mace
  4315 | D:5      | Identified the +8 mace "Isuvyr" {crush, rPois MP+9 Dex-4 SInv} (You found it on level 5 of the Dungeon)
  4501 | D:6      | Noticed BuaFULL's ghost (amateur MiCK)
  4501 | D:6      | Found a sand-covered staircase.
  4508 | Ossuary  | Entered an ossuary
  4561 | Ossuary  | Reached XP level 8. HP: 50/67 MP: 11/11
  4698 | Ossuary  | Noticed a flying skull
  4776 | Ossuary  | Noticed a flying skull
  4785 | Ossuary  | Reached skill level 1 in Shields
  5023 | Ossuary  | Noticed a flying skull
  5206 | D:6      | Killed BuaFULL's ghost
  5206 | D:6      | Reached skill level 5 in Invocations
  5307 | D:6      | Reached skill level 5 in Armour
  5812 | D:6      | Got a sparkling iron amulet
  5814 | D:6      | Identified the amulet of Desertification {+Rage +Inv rC+ Str+2 Int-3} (You found it on level 6 of the Dungeon)
  6122 | D:7      | Noticed a hippogriff
  6126 | D:7      | Found a shadowy altar of Dithmenos.
  6131 | D:7      | Killed a hippogriff
  6131 | D:7      | Reached skill level 5 in Fighting
  6131 | D:7      | Reached XP level 9. HP: 64/74 MP: 13/13
  6183 | D:7      | Reached **** piety under Lugonu
  6534 | D:7      | Noticed Menkaure
  6542 | D:7      | Killed Menkaure
  6770 | D:7      | Found a staircase to the Ecumenical Temple.
  6805 | D:7      | Noticed Joseph
  6830 | D:7      | Killed Joseph
  7108 | D:7      | Noticed Duvessa
  7110 | D:7      | Noticed Dowan
  7145 | D:7      | Killed Duvessa
  7176 | D:7      | Killed Dowan
  7299 | D:7      | Gained mutation: You are robust. (+10% HP) [potion of mutation]
  7299 | D:7      | Gained mutation: You have very sharp teeth. [potion of mutation]
  7299 | D:7      | Gained mutation: You passively map a small area around you. [potion of mutation]
  7299 | D:7      | Gained mutation: You are very robust. (+20% HP) [potion of mutation]
  7300 | D:7      | Lost mutation: You passively map a small area around you. [potion of mutation]
  7300 | D:7      | Lost mutation: You are very robust. (+20% HP) [potion of mutation]
  7300 | D:7      | Gained mutation: You are somewhat resistant to further mutation. [potion of mutation]
  7301 | D:7      | Lost mutation: You are somewhat resistant to further mutation. [potion of mutation]
  7301 | D:7      | Lost mutation: You are robust. (+10% HP) [potion of mutation]
  7301 | D:7      | Gained mutation: You can translocate small distances at will. [potion of mutation]
  7301 | D:7      | Gained mutation: Your magical capacity is low. (-10% MP) [potion of mutation]
  7301 | D:7      | Gained mutation: You are robust. (+10% HP) [potion of mutation]
  7302 | D:7      | Lost mutation: Your magical capacity is low. (-10% MP) [potion of mutation]
  7302 | D:7      | Lost mutation: You are robust. (+10% HP) [potion of mutation]
  7302 | D:7      | Lost mutation: You can translocate small distances at will. [potion of mutation]
  7302 | D:7      | Gained mutation: You are frail. (-10% HP) [potion of mutation]
  7302 | D:7      | Gained mutation: Your flesh is heat resistant. (rF+) [potion of mutation]
  7313 | D:7      | Found Suddudgh's Food Shop.
  7413 | D:8      | Found a large runed door.
  7413 | D:8      | Found a large runed door.
  7435 | D:8      | Found a large runed door.
  7435 | D:8      | Found a large runed door.
  7499 | D:8      | Noticed dracomuter's ghost (novice TrCK)
  7530 | D:8      | Killed dracomuter's ghost
  7530 | D:8      | Reached XP level 10. HP: 52/72 MP: 13/15
  7687 | D:8      | Reached skill level 5 in Maces & Flails
  7782 | D:9      | Found a flagged portal.
  7955 | Bailey   | Entered a bailey
  8260 | Bailey   | Noticed an orc knight
  8762 | D:8      | Noticed a two-headed hydra
  8765 | D:8      | Killed a one-headed hydra
  8765 | D:8      | Reached skill level 5 in Axes
  9293 | D:8      | Noticed a two-headed ogre
  9627 | D:8      | Banished a two-headed ogre
 10581 | D:8      | Noticed a two-headed ogre
 10594 | D:8      | Killed a two-headed ogre
 10594 | D:8      | Reached XP level 11. HP: 34/80 MP: 17/17
 10897 | D:8      | Got a pearl-encrusted scale mail
 10908 | D:8      | Identified the +5 scale mail "Wacod" {rC- MP+9 Str+3 Stlth+} (You found it on level 8 of the Dungeon)
 11141 | D:9      | Found an ancient bone altar of Kikubaaqudgha.
 11470 | D:9      | Found a staircase to the Orcish Mines.
 11487 | D:9      | Reached ***** piety under Lugonu
 11956 | D:10     | Entered Level 10 of the Dungeon
 12190 | D:10     | Noticed a two-headed ogre
 12220 | D:10     | Killed a two-headed ogre
 12423 | D:10     | Killed from afar by an orc wizard

Skill      XL: |  1  2  3  4  5  6  7  8  9 10 11 |
---------------+----------------------------------+-----
Axes           | 2 3 4 5 |  5.4
Armour         | 2 3 5 6 8 |  8.4
Invocations    | 3 4 5 6 8 |  8.9
Fighting       | 4 5 6 |  6.2
Dodging        | 1 2 |  2.7
Maces & Flails | 1 2 4 5 6 |  6.2
Shields        | 1 2 3 |  3.5

Action                   |  1- 3 |  4- 6 |  7- 9 | 10-12 || total
-------------------------+-------+-------+-------+-------++-------
Melee: Hand axe          |    64 |   130 |       |    85 ||   279
       Kick              |    11 |    34 |    69 |   115 ||   229
       Whip              |       |    60 |   286 |   290 ||   636
       Bite              |       |       |     5 |    36 ||    41
Invok: Depart the Abyss  |     1 |       |       |       ||     1
       Bend Space        |       |       |       |    10 ||    10
       Banish            |       |       |       |     2 ||     2
Evoke: Wand              |       |       |       |     2 ||     2
  Use: Scroll            |    10 |     6 |     5 |     3 ||    24
       Potion            |       |       |     4 |       ||     4
  Eat: Chunk             |       |     6 |     3 |     5 ||    14
       Ration            |       |     1 |     2 |     4 ||     7
Armor: Scale mail        |    30 |   149 |   110 |   136 ||   425
       Plate armour      |       |       |       |    69 ||    69
       Chain mail        |       |       |       |    28 ||    28
Dodge: Dodged            |    37 |   100 |    60 |    78 ||   275
Block: Shield            |       |    20 |    82 |   175 ||   277
